 Dungeon Crawl Stone Soup version 0.31-a0-370-g25055926c8 (webtiles) character file.

Game seed: 8960627338319981927

88669 Impy the Warrior (level 15, -37/129 HPs)
             Began as a Demonspawn Shapeshifter on July 29, 2023.
             Was an Initiate of Gozag.
             Killed from afar by a hellephant (67 damage)
             ... with a blast of flame
             ... on level 3 of the Abyss.
             The game lasted 01:02:19 (25286 turns).

Impy the Warrior (Demonspawn Shapeshifter)         Turns: 25286, Time: 01:02:21

Health: -37/129    AC: 14    Str: 22      XL:     15   Next: 47%
Magic:  2/15       EV:  8    Int:  9 (10) God:    Gozag
Gold:   4029       SH:  0    Dex: 13 (14) Spells: 14/14 levels left

rFire   . .          .
                       - Unarmed
rCold   . . .        (shield currently unavailable)
rNeg    + . .        n - +11 shadow dragon scales of Daffodils {Str+2 Stlth++++}
rPois   .            F - +2 hood of the Assassin {Detect Stab+ Stlth++}
rElec   .            (cloak unavailable)
rCorr   +            (gloves currently unavailable)
SInv    .            (no boots)
Will    +....        (no amulet)
Stlth   +++++++++    v - +4 ring of slaying
HPRegen 0.41/turn    N - ring "Moar" {rN+ rCorr Stlth+}
MPRegen 0.14/turn

%: no passive effects
@: blade hands, gold aura
A: demonic guardian 1, icemail 2, big brain 1, condensation shield, weakness
stinger 3, dopey 1, weak 1
a: Begin Untransformation, Renounce Religion, Potion Petition, Call Merchant,
Bribe Branch


You were on level 3 of the Abyss.
You worshipped Gozag.
Gozag was most pleased with you.
You had blades for hands.
You visited 3 branches of the dungeon, and saw 20 of its levels.
You visited the Abyss 1 time.
You also visited: Sewer and Gauntlet.

You collected 7240 gold pieces.
You spent 3166 gold pieces at shops.
You paid 45 gold pieces to Gozag.

Inventory:

Missiles
 G - 2 throwing nets
Armour
 i - a +3 ring mail of cold resistance
 l - a +0 buckler
 n - the +11 shadow dragon scales of Daffodils (worn) {Str+2 Stlth++++}
   (You acquired it on level 10 of the Dungeon)

   Str:       It affects your strength (+2).
   Stlth:     It makes you much more stealthy.
 z - the quicksilver dragon scales of the Wilderness {rN+ Will+ Slay+3}
   (You bought it in a shop on level 8 of the Dungeon)

   Slay:      It affects your accuracy & damage with ranged weapons and melee
   (+3).
   rN:        It protects you from negative energy.
   Will:      It increases your willpower.
 F - the +2 hood of the Assassin (worn) {Detect Stab+ Stlth++}
   (You bought it in a shop on level 8 of the Dungeon)

   Detect:    It allows the wearer to sense nearby creatures.
   Stab+:     It allows the wearer to make particularly effective stabbing
   attacks against helpless or unaware enemies with any weapon.
   Stlth:     It makes you much more stealthy.
Jewellery
 j - a ring of flight
 k - a +6 ring of strength
 v - a +4 ring of slaying (left blade hand)
 I - a ring of wizardry
 N - the ring "Moar" (right blade hand) {rN+ rCorr Stlth+}
   (You found it in a Gauntlet)

   [ring of resist corrosion]

   rN:        It protects you from negative energy.
   rCorr:     It protects you from acid and corrosion.
   Stlth:     It makes you more stealthy.
Talismans
 c - a beast talisman
 B - a blade talisman
 E - a serpent talisman
Wands
 w - a wand of mindburst (25)
 x - a wand of flame (34)
 y - a wand of paralysis (9)
 D - a wand of roots (4)
 H - a wand of quicksilver (7)
 L - a wand of polymorph (3)
Scrolls
 a - 5 scrolls of fog
 g - 4 scrolls of revelation
 p - 4 scrolls of enchant armour
 r - 2 scrolls of fear
 t - 6 scrolls of teleportation
 A - a scroll of enchant weapon
 J - 2 scrolls of identify
 K - 2 scrolls of brand weapon
Potions
 b - a potion of cancellation
 d - 2 potions of invisibility
 h - a potion of curing
 o - a potion of resistance
 q - a potion of haste
 s - 4 potions of mutation
 u - 2 potions of might
 C - a potion of attraction


   Skills:
 + Level 15.6 Fighting
 - Level 1.7 Dodging
 - Level 12.0 Stealth
 + Level 15.0 Unarmed Combat
 - Level 10.1 Shapeshifting


You had 14 spell levels left.
You didn't know any spells.
Your spell library contained the following spells:

 Spells                   Type           Power      Damage    Failure   Level
 Apportation              Tloc           0%         N/A       100%        1
 Freeze                   Ice            0%         1d3       100%        1
 Blink                    Tloc           0%         N/A       100%        2
 Lesser Beckoning         Tloc           0%         N/A       100%        2
 Momentum Strike          Conj/Tloc      0%         3d8       100%        2
 Frozen Ramparts          Ice            0%         1d1       100%        3
 Gell's Gravitas          Tloc           0%         N/A       100%        3
 Hailstorm                Conj/Ice       0%         3d3       100%        3
 Inner Flame              Hex/Fire       0%         N/A       100%        3
 Ozocubu's Armour         Ice            0%         N/A       100%        3
 Teleport Other           Tloc           0%         N/A       100%        3
 Flame Wave               Conj/Fire      0%         2d4       100%        4
 Sticky Flame             Conj/Fire      0%         2d3       100%        4
 Summon Ice Beast         Ice/Summ       0%         N/A       100%        4
 Alistair's Intoxication  Tmut/Pois      0%         N/A       100%        5
 Metabolic Englaciation   Hex/Ice        0%         N/A       100%        5
 Summon Forest            Summ/Tloc      0%         N/A       100%        5
 Summon Mana Viper        Hex/Summ       0%         N/A       100%        5
 Dispersal                Tloc           0%         N/A       100%        6
 Eringya's Noxious Bog    Tmut/Pois      0%         4d6       100%        6
 Monstrous Menagerie      Summ           0%         N/A       100%        7
 Summon Hydra             Summ           0%         N/A       100%        7
 Chain Lightning          Conj/Air       0%         N/A       100%        9
 Fire Storm               Conj/Fire      0%         5d1       100%        9
 Shatter                  Erth           0%         3d5*      100%        9
 Simulacrum               Ice/Necr       Unusable   N/A       N/A         6

Dungeon Overview and Level Annotations

Branches:
Dungeon (13/15)            Temple (0/1) D:7            Lair (5/5) D:9
 Shoals (0/4) Lair:2        Snake (0/4) Lair:3        Slime (0/5) Lair:4
    Orc (2/2) D:10            Elf (0/3) Orc:2         Sewer (visited)
Gauntlet (visited)
 Vaults: D:13-14

Altars:
Dithmenos
Gozag
Hepliaklqana
Uskayaw
Yredelemnul
Jiyva

Shops:
D:3 :=   D:6 ?(?   D:8 [[([   Orc:2 *?:(

Portals:
Pandemonium: Orc:2

Annotations:
Gauntlet 7 transporters


Innate Abilities, Weirdness & Mutations

You have blades for hands.
Your spellcasting is less reliable in this form.
You are incapable of wielding weapons or throwing items.
A weak demonic guardian rushes to your aid.
A meltable icy envelope protects you from harm. (AC +0)
You have an unusually large brain. (Int +2)
A meltable shield of frost defends you. (SH +0)
You have a sharp stinger which inflicts weakening toxins.
You are dopey. (Int -2)
You are weak. (Str -2)


Message History

You slice the hellephant!!
You tail-slap the hellephant, but do no damage.
The hellephant is moderately wounded.
You slice the hellephant!!
The hellephant is heavily wounded.
The hellephant tramples you!!
A demonic guardian appears!
You hold your ground!
The hellephant completely misses you.
The hellephant gores you but does no damage.
You slice the hellephant!!
You tail-slap the hellephant, but do no damage.
The hellephant is severely wounded.
The hellephant tramples you!
* * * LOW HITPOINT WARNING * * *
You hold your ground!
The hellephant bites you but does no damage.
The hellephant gores you.
* * * LOW HITPOINT WARNING * * *
Your ufetubus closely misses the hellephant.
Your ufetubus misses the hellephant. You slice the hellephant!!
The hellephant is severely wounded.
Your ufetubus barely misses the hellephant.
Your ufetubus completely misses the hellephant.
The hellephant tramples you but does no damage.
The hellephant bites you but does no damage.
The hellephant gores you.
* * * LOW HITPOINT WARNING * * *
You hit the hellephant but do no damage.
You tail-slap the hellephant.
The hellephant looks weaker.
Your slash misses the hellephant.
The hellephant is severely wounded.
Your ufetubus barely misses the hellephant. x2
You closely miss the hellephant. You tail-slap the hellephant.
The hellephant is almost dead.
The hellephant breathes flames at you. The blast of flame hits you!!!
Your icy defences dissipate!
Ouch! That really hurt!
You die...
Your body crumbles into a pile of gold.

....... . .
. .........
. .
...#..... .
...... #...
... ... . .
..###...
........5###
. ......Y.#
......##@#
.. ... .####
..#... #
.....##
..#.# .. .
.. .


You could see a hellephant (catching breath, weak, ally target) and a friendly
ufetubus (summoned).

Vanquished Creatures
  Saint Roka (Orc:2)
  Rupert (Lair:3)
  A shadow dragon (Abyss:3)
  A tentacled starspawn (Abyss:3)
  A ghost moth (Abyss:3)
  A very ugly thing (Abyss:3)
  A dire elephant (Lair:5)
  An ettin (Orc:1)
  6 hydras
  3 demonspawn (Orc:2)
  A boulder beetle (D:12)
  2 catoblepae
  5 two-headed ogres
  11 death yaks
  A deep troll shaman (Lair:5)
  6 orc high priests (Orc:2)
  A demonic crawler (Abyss:3)
  A thrashing horror (Abyss:3)
  Urug (D:11)
  3 large abominations
  A sixfirhy (Orc:2)
  A deep elf zephyrmancer (D:9)
  Pikel (D:4)
  5 orc knights (Orc:2)
  A lindwurm (Lair:2)
  5 orc sorcerers (Orc:2)
  2 cyclopes
  An oklob plant (Gauntlet)
  2 worldbinders (Abyss:3)
  6 black mambas
  A rust devil (Orc:2)
  20 elephants
  A gargoyle (D:10)
  19 cane toads
  An eye of devastation (Abyss:3)
  Maggie (D:9)
  A kobold demonologist (D:10)
  8 komodo dragons
  An unseen horror (D:11)
  6 rime drakes
  5 starcursed masses (Abyss:2)
  A hornet (D:10)
  6 polar bears
  6 trolls
  13 blink frogs
  The ghost of Stonecrops the Covered, an amateur GrFi (D:6)
  A snapping turtle (Lair:2)
  5 slime creatures (D:13)
  A centaur simulacrum (Gauntlet)
  A wraith (D:10)
  A vampire (D:12)
  A ynoxinul (Abyss:3)
  2 shadows
  37 yaks
  3 wyverns
  A chaos spawn (Abyss:3)
  A steam dragon (D:6)
  4 basilisks
  3 neqoxecs
  2 vampire mosquitoes (D:11)
  4 nagas
  A warg (Orc:2)
  4 acid dragons
  15 water moccasins
  30 orc warriors
  A meliai simulacrum (Gauntlet)
  16 ice beasts
  A black bear (D:5)
  4 sky beasts
  3 ogres
  16 wolves
  3 centaurs
  A lemure (D:4)
  4 kobold brigands
  3 small abominations (Abyss:3)
  14 bullfrogs
  4 gnoll sergeants
  A scorpion (D:6)
  9 wights
  A killer bee (D:9)
  5 electric eels
  2 howler monkeys
  A wyvern simulacrum (Gauntlet)
  6 jellies
  A quasit (D:5)
  2 gnoll boudas
  31 orc priests
  5 hounds
  2 sleepcaps (D:4)
  2 iguanas
  23 orc wizards
  29 gnolls
  5 river rats (Sewer)
  6 adders
  4 shadow imps
  10 white imps
  4 ufetubi
  3 worms
  3 dart slugs
  64 orcs
  3 bats
  10 endoplasms
  7 giant cockroaches
  3 goblins
  8 hobgoblins
  7 quokkas
  15 ball pythons
  7 frilled lizards
  21 kobolds
  33 rats
685 creatures vanquished.

Vanquished Creatures (collateral kills)
  A two-headed ogre (D:11)
  An orc sorcerer (Orc:2)
  Prince Ribbit (D:5)
  A wolf (D:9)
  An electric eel (D:11)
  3 orcs
  A hobgoblin (D:1)
  3 kobolds
12 creatures vanquished.

Vanquished Creatures (others)
  A necromancer (D:13)
  A small abomination (Abyss:2)
  An orc wizard (D:5)
  3 orcs
  2 starspawn tentacles (Abyss:3)
8 creatures vanquished.

Grand Total: 705 creatures vanquished

Notes
Turn   | Place    | Note
-------+----------+-------------------------------------------
     0 | D:1      | Impy the Demonspawn Shapeshifter began the quest for the
                  | Orb.
     0 | D:1      | Reached XP level 1. HP: 15/15 MP: 1/1
   157 | D:1      | Gained mutation: A weak demonic guardian rushes to your
                  | aid. [demonic ancestry]
   157 | D:1      | Reached XP level 2. HP: 11/21 MP: 2/2
  1033 | D:2      | Gained mutation: You have a small tail. [demonic ancestry]
  1033 | D:2      | Reached XP level 3. HP: 22/26 MP: 3/3
  1944 | D:3      | Found a hazy altar of Hepliaklqana.
  2002 | D:3      | Found Hecin's Book Shoppe.
  2027 | D:3      | Found Kodaemeel's Jewellery Emporium.
  2039 | D:3      | Found an opulent altar of Gozag.
  2048 | D:3      | Became a worshipper of Gozag Ym Sagoz the Greedy
  2214 | D:3      | Gained mutation: A meltable shield of frost defends you.
                  | (SH +0) [demonic ancestry]
  2214 | D:3      | Reached XP level 4. HP: 32/32 MP: 4/4
  2646 | D:4      | Reached skill level 5 in Unarmed Combat
  2646 | D:4      | Gained mutation: A meltable icy envelope protects you from
                  | harm. (AC +0) [demonic ancestry]
  2646 | D:4      | Reached XP level 5. HP: 32/37 MP: 5/5
  2891 | D:4      | Reached XP level 6. HP: 43/43 MP: 6/6
  2896 | D:4      | Found a glowing drain.
  2905 | Sewer    | Entered a sewer
  3657 | D:4      | Identified the +0 leather armour of Love and Death {rF+
                  | Str+2}
  4156 | D:4      | Noticed Pikel
  4170 | D:4      | Killed Pikel
  4171 | D:4      | Reached XP level 7. HP: 23/48 MP: 7/7
  4310 | D:4      | Found a hide-covered altar of Uskayaw.
  4455 | D:5      | Entered Level 5 of the Dungeon
  4473 | D:5      | Reached XP level 8. HP: 54/54 MP: 8/8
  4639 | D:5      | Found a shadowy altar of Dithmenos.
  5196 | D:5      | Noticed Prince Ribbit
  5210 | D:5      | Killed Prince Ribbit
  5211 | D:5      | Reached skill level 10 in Unarmed Combat
  5377 | D:3      | Bought a +4 ring of slaying for 858 gold pieces
  5427 | D:6      | Found Gamiasod's Magic Scroll Shop.
  5427 | D:6      | Found Fimpav's Weapon Shop.
  5427 | D:6      | Found Xunyon's Magic Scroll Shop.
  5551 | D:6      | Found a large runed translucent door.
  5552 | D:6      | Found a large runed translucent door.
  5554 | D:6      | Noticed Stonecrops's ghost (amateur GrFi)
  5569 | D:6      | Killed Stonecrops's ghost
  5816 | D:6      | Gained mutation: You have an unusually large brain. (Int
                  | +2) [demonic ancestry]
  5816 | D:6      | Reached XP level 9. HP: 47/59 MP: 9/9
  5886 | D:6      | Found a basalt altar of Yredelemnul.
  6435 | D:7      | Found a staircase to the Ecumenical Temple.
  7076 | D:8      | Reached skill level 5 in Fighting
  7386 | D:8      | Found Teresit's Antique Weapon Boutique.
  7386 | D:8      | Found Cinepp's Armour Boutique.
  7387 | D:8      | Found Paquisil's Armour Boutique.
  7387 | D:8      | Found Siacuyfy's Antique Armour Boutique.
  7760 | D:8      | Reached XP level 10. HP: 76/77 MP: 10/10
  9012 | D:8      | Bought the quicksilver dragon scales of the Wilderness {rN+
                  | Will+ Slay+3} for 921 gold pieces
  9050 | D:9      | Noticed a cyclops
  9057 | D:9      | Killed a cyclops
  9183 | D:9      | Reached skill level 10 in Fighting
  9506 | D:9      | Found a staircase to the Lair.
  9589 | D:9      | Noticed a deep elf zephyrmancer
  9597 | D:9      | Killed a deep elf zephyrmancer
  9842 | D:9      | Noticed a two-headed ogre
  9854 | D:9      | Killed a two-headed ogre
  9855 | D:9      | Gained mutation: A meltable icy envelope protects you from
                  | harm. (AC +0) [demonic ancestry]
  9855 | D:9      | Reached XP level 11. HP: 93/93 MP: 11/11
 10057 | D:9      | Noticed Maggie
 10065 | D:9      | Killed Maggie
 10117 | D:10     | Entered Level 10 of the Dungeon
 10117 | D:10     | Noticed a two-headed ogre
 10121 | D:10     | Killed a two-headed ogre
 10233 | D:10     | Noticed a two-headed ogre
 10238 | D:10     | Killed a two-headed ogre
 10310 | D:10     | Reached skill level 5 in Shapeshifting
 10360 | D:10     | Noticed a two-headed ogre
 10368 | D:10     | Killed a two-headed ogre
 10734 | D:10     | Identified a scroll of acquirement
 10734 | D:10     | Acquired the +11 shadow dragon scales of Daffodils {Str+2
                  | Stlth++++}
 10913 | D:3      | Bought a blade talisman for 440 gold pieces
 11184 | D:10     | Found a staircase to the Orcish Mines.
 11529 | D:11     | Noticed a two-headed ogre
 11533 | D:11     | Killed a two-headed ogre
 11568 | D:11     | Noticed Urug
 11584 | D:11     | Killed Urug
 11692 | D:11     | Gained mutation: You have a tail ending in a sharp stinger.
                  | [demonic ancestry]
 11692 | D:11     | Reached XP level 12. HP: 58/102 MP: 12/12
 12319 | D:11     | Noticed a two-headed ogre
 12325 | D:11     | Killed a two-headed ogre
 12669 | Lair:1   | Entered Level 1 of the Lair of Beasts
 12832 | D:8      | Bought the +2 hood of the Assassin {Detect Stab+ Stlth++}
                  | for 660 gold pieces
 12832 | D:8      | Found the +2 hood of the Assassin {Detect Stab+ Stlth++}
 13025 | Lair:1   | Noticed a death yak
 13025 | Lair:1   | Noticed a death yak
 13030 | Lair:1   | Noticed a death yak
 13030 | Lair:1   | Noticed a death yak
 13032 | Lair:1   | Noticed a death yak
 13033 | Lair:1   | Killed a death yak
 13042 | Lair:1   | Killed a death yak
 13044 | Lair:1   | Killed a death yak
 13048 | Lair:1   | Killed a death yak
 13054 | Lair:1   | Reached skill level 10 in Shapeshifting
 13060 | Lair:1   | Killed a death yak
 13149 | Lair:1   | Reached skill level 1 in Stealth
 13377 | Lair:1   | You fall into a shaft and drop 1 floor!
 13548 | Lair:2   | Found a staircase to the Shoals.
 13747 | Lair:2   | Reached skill level 5 in Stealth
 13859 | Lair:2   | Noticed an eight-headed hydra
 13866 | Lair:2   | Killed an eight-headed hydra
 13885 | Lair:2   | Gained mutation: You have a sharp stinger which inflicts
                  | weakening toxins. [demonic ancestry]
 13885 | Lair:2   | Reached XP level 13. HP: 108/108 MP: 13/13
 15049 | Lair:3   | Found a staircase to the Snake Pit.
 15375 | Lair:3   | Noticed Rupert
 15385 | Lair:3   | Killed Rupert
 16016 | Lair:4   | Reached skill level 10 in Stealth
 16502 | Lair:4   | Found a runed translucent door.
 16506 | Lair:4   | Found a viscous altar of Jiyva.
 16506 | Lair:4   | Found a staircase to the Slime Pits.
 17005 | Lair:5   | Entered Level 5 of the Lair of Beasts
 17118 | Lair:5   | Reached XP level 14. HP: 67/116 MP: 14/14
 18791 | Orc:1    | Entered Level 1 of the Orcish Mines
 18946 | Orc:2    | Entered Level 2 of the Orcish Mines
 19017 | Orc:2    | Noticed Saint Roka
 19043 | Orc:2    | Killed Saint Roka
 19346 | Orc:2    | Found Ullad Zic's General Store.
 19349 | Orc:2    | Found Faen's Magic Scroll Emporium.
 19725 | Orc:2    | Paralysed by an orc sorcerer for 3 turns
 20638 | Orc:2    | Reached XP level 15. HP: 38/127 MP: 15/15
 20837 | Orc:2    | Paralysed by an orc sorcerer for 2 turns
 20858 | Orc:2    | Found Urimos's Book Boutique.
 20858 | Orc:2    | Found a one-way gate leading to the halls of Pandemonium.
 20858 | Orc:2    | Found Imedic's Antique Weapon Shop.
 21107 | Orc:2    | Bought a scroll of blinking for 90 gold pieces
 21193 | Orc:2    | Bought a scroll of blinking for 82 gold pieces
 21193 | Orc:2    | Bought a scroll of blinking for 82 gold pieces
 21193 | Orc:2    | Bought a scroll of teleportation for 33 gold pieces
 21214 | Orc:2    | Found a staircase to the Elven Halls.
 22284 | D:12     | Reached skill level 15 in Fighting
 23027 | D:13     | Found a gate leading to a gauntlet.
 23035 | Gauntlet | Entered a Gauntlet
 23035 | Gauntlet | Found a transporter.
 23035 | Gauntlet | Found a transporter.
 23053 | Gauntlet | Found a transporter.
 23053 | Gauntlet | Found a transporter.
 23069 | Gauntlet | Found a transporter.
 23081 | Gauntlet | Found a transporter.
 23081 | Gauntlet | Found a transporter.
 23090 | Gauntlet | Found a transporter.
 23105 | Gauntlet | Found a transporter.
 23119 | Gauntlet | Found a transporter.
 23123 | Gauntlet | Found a transporter.
 23131 | Gauntlet | Found a transporter.
 23298 | Gauntlet | Identified the ring "Moar" {rN+ rCorr Stlth+}
 23309 | Gauntlet | Found a runed translucent door.
 23361 | Gauntlet | Identified the ring of the Traitor {Drain AC+4 Str+5}
 23367 | Abyss:2  | Cast into level 2 of the Abyss (a wizard)
 23537 | Abyss:2  | Gained mutation: You are dopey. (Int -2) [a neqoxec]
 23780 | Abyss:3  | Found a corrupted altar of Lugonu.
 23781 | Abyss:3  | Noticed a tentacled starspawn
 23901 | Abyss:3  | Gained mutation: You are weak. (Str -2) [a neqoxec]
 24254 | Abyss:3  | Noticed a bone dragon
 24360 | Abyss:3  | Noticed a bone dragon
 24450 | Abyss:3  | Found a corrupted altar of Lugonu.
 24450 | Abyss:3  | Noticed a tentacled starspawn
 24530 | Abyss:3  | Paralysed by a great orb of eyes for 3 turns
 24803 | Abyss:3  | Noticed a tentacled starspawn
 24808 | Abyss:3  | Killed a tentacled starspawn
 24810 | Abyss:3  | Noticed a shadow dragon
 24822 | Abyss:3  | Killed a shadow dragon
 24823 | Abyss:3  | Reached skill level 15 in Unarmed Combat
 24914 | Abyss:3  | Noticed a hellephant
 24921 | Abyss:3  | Noticed a tentacled starspawn
 24927 | Abyss:3  | Noticed a tentacled starspawn
 24928 | Abyss:3  | Noticed a bone dragon
 24930 | Abyss:3  | Noticed a tentacled starspawn
 25069 | Abyss:3  | Noticed a tentacled starspawn
 25286 | Abyss:3  | Killed from afar by a hellephant

Illustrated notes

Levels and vault maps discovered:
D:1:      saegor_arrival_simple_d, layout_loops_ring,
          hangedman_decor_peaks_small, amcnicky_mini_rare_corridor_liquid,
          grunt_decor_fettered
D:2:      layout_basic
D:3:      layout_basic, mainiacjoe_overflow_paths, nicolae_gozag_seed_capital,
          serial_shops, nicolae_shop_pleasant_corner_grove, shop
D:4:      layout_loops_corners, mainiacjoe_overflow_alcove_2,
          amcnicky_altar_gilded, gup_sewer_entry_bubbles, uniq_pikel
D:5:      layout_loops_ring, nicolae_overflow_two_pavilions, serial_demonic,
          serial_demonic_a, serial_demonic_e, serial_demonic_f,
          serial_demonic_g, nicolae_sextant, kennysheep_generic_room_7,
          uniq_prince_ribbit1
D:6:      layout_loops_ring, old_standard_altar, ebering_ghost_disaster_area,
          nicolae_shop_distant_corner_stores, kennysheep_windowed_goal
D:7:      layout_basic, lemuel_round_altar, temple_doors_e,
          hellmonk_bongcloud_opening
D:8:      layout_layer_cave, minmay_shop_grid_forest
D:9:      minmay_razor_zed, layout_cave_pools, hellmonk_lair_entry_icy,
          serial_column_ruins, column_ruins_hut, column_ruins_grid_1,
          column_ruins_grid_1, column_ruins_open_medium_water,
          column_ruins_grid_3, column_ruins_columns_straight,
          kennysheep_nondescript, minmay_librarian, uniq_maggie
D:10:     layout_cave_pools, orc_0_dummy
D:11:     minmay_twisted_water, layout_rooms, uniq_urug
D:12:     layout_cave_pods
D:13:     layout_loops_ring, david_vaults_1, gauntlet_entry_generic, uniq_kirke
Lair:1:   layout_regular_city, grunt_megastairs_5, serial_bayou_shore_a,
          lemuel_fruit_fields
Lair:2:   layout_chaotic_city, minmay_shoals_entry_hut, grunt_megastairs_3
Lair:3:   layout_cave_shapes, minmay_snake_entry_guardpost_small,
          serial_bayou_pond_b, uniq_rupert
Lair:4:   layout_long_grid, slime_entry_2
Lair:5:   grunt_lair_end_beastmaster, layout_cave_pods, grunt_megastairs_2
Orc:1:    layout_diamond_mine
Orc:2:    pf_orc_diabolical, layout_caves, uniq_saint_roka
Abyss:3:  base: Lair:3, hangedman_grunt_abyss_rune_horror_hoard,
          guppyfry_abyss_exit_spiral_guarded, evilmike_abyss_exit_14,
          guppyfry_abyss_exit_spiral_guarded, hangedman_relentless_pull,
          hangedman_eye_storm, minivault_28
Gauntlet: minmay_gauntlet_77_indecision [minmay_gauntlet_arena_77_broken_ladder,
          minmay_gauntlet_arena_77_hold_the_fort, minmay_gauntlet_arena_77_path,
          minmay_gauntlet_arena_77_mess,
          minmay_gauntlet_arena_77_tiled_triplets,
          minmay_gauntlet_arena_77_two_lines, gauntlet_exit_watery]

Skill      XL: |  1  2  3  4  5  6  7  8  9 10 11 12 13 14 15 |
---------------+----------------------------------------------+-----
Unarmed Combat | 3 4 5 6 8 11 12 14 15 | 15.0
Shapeshifting  | 3 7 10 | 10.1
Fighting       | 6 11 12 14 15 | 15.6
Stealth        | 6 12 | 12.0
Dodging        | |  1.7

Action                     |  1- 3 |  4- 6 |  7- 9 | 10-12 | 13-15 || total
---------------------------+-------+-------+-------+-------+-------++-------
  Melee: Unarmed           |   139 |   207 |   228 |   395 |   666 ||  1635
         Punch             |     4 |     4 |    13 |    31 |    59 ||   111
         Tailslap          |     7 |    22 |    37 |    53 |   111 ||   230
  Evoke: Wand              |       |       |       |     2 |       ||     2
    Use: Scroll            |     9 |     4 |     3 |     9 |    20 ||    45
         Potion            |       |     2 |     2 |     1 |    23 ||    28
   Stab: Sleeping          |     1 |       |       |     6 |    39 ||    46
         Distracted        |       |     2 |     3 |     3 |     9 ||    17
         Invisible         |       |       |       |     5 |     6 ||    11
         Petrified         |       |       |       |       |     1 ||     1
 Armour: Animal skin       |    12 |       |       |       |       ||    12
         Ring mail         |    16 |    54 |    85 |    21 |       ||   176
         Skin              |       |    34 |       |       |       ||    34
         Quicksilver drago |       |       |       |    68 |       ||    68
         Shadow dragon sca |       |       |       |    18 |   331 ||   349
  Dodge: Dodged            |    64 |    81 |    98 |   114 |   202 ||   559
  Block: Other             |       |    32 |    34 |    42 |    78 ||   186
   Form: Blade             |       |       |       |     1 |       ||     1

Table legend: (Time is in decaauts)
 A = Elapsed time spent in this place.
 B = Non-inter-level travel time spent in this place.
 C = Inter-level travel time spent in this place.
 D = Time resting spent in this place.
 E = Time spent auto-exploring this place.
 F = Levels seen in this place.
 G = Mean time per level.
                   A        B        C        D        E       F      G
               +--------+--------+--------+--------+--------+-----+--------+
         Total |  24973 |  23498 |   1475 |   1438 |  17667 |  24 | 1040.5 |
       Dungeon |  13351 |  12099 |   1252 |    103 |   9963 |  13 | 1027.0 |
          Lair |   5916 |   5772 |    144 |      5 |   4663 |   5 | 1183.2 |
  Orcish Mines |   2993 |   2915 |     78 |      0 |   2467 |   2 | 1496.5 |
         Abyss |   1865 |   1865 |      0 |   1330 |      0 |   2 |  932.5 |
         Sewer |    519 |    519 |      0 |      0 |    366 |   1 |  519.0 |
      Gauntlet |    326 |    326 |      0 |      0 |    207 |   1 |  326.0 |
               +--------+--------+--------+--------+--------+-----+--------+

Top non-repeatable levels by time:
   Orc:2: 2137 daAuts
  Lair:5: 1657 daAuts
     D:8: 1652 daAuts
     D:9: 1616 daAuts
     D:4: 1582 daAuts
 Abyss:3: 1488 daAuts
    D:11: 1334 daAuts
  Lair:3: 1164 daAuts
  Lair:1: 1071 daAuts
     D:6: 1059 daAuts
  Lair:4: 1046 daAuts
    D:12: 988 daAuts
  Lair:2: 976 daAuts
     D:5: 960 daAuts
     D:1: 958 daAuts
